WCHLSIM.com - West Coast Hockey League
html PUBLIC "-//W3C//DTD XHTML 1.0 Transitional//EN" "http://www.w3.org/TR/xhtml1/DTD/xhtml1-transitional.dtd"> WCHL - Game 277 - LAS VEGAS LIZARD KINGS vs LOS ANGELES SEALS

LAS VEGAS LIZARD KINGS vs LOS ANGELES SEALS

Created - 21 novembre 2023 at 21:34

Goals
1 2 3 OT1 SO T
LAS VEGAS LIZARD KINGS 1 1 0 0 0 2
LOS ANGELES SEALS 0 1 1 0 2 3
Shots
1 2 3 OT1 SO T
LAS VEGAS LIZARD KINGS 12 8 9 4 2 33
LOS ANGELES SEALS 13 8 12 3 2 36

1st period

1. LAS VEGAS LIZARD KINGS , Johnny Gaudreau 9 (Joe Pavelski 12, Ryan Nugent-Hopkins 17) at 12:40

Penalties :
No Penalty

2nd period

2. LOS ANGELES SEALS , Owen Tippett 5 (Nick Bonino 5, Noah Dobson 3) at 7:40
3. LAS VEGAS LIZARD KINGS , Johnny Gaudreau 10 (Ryan Nugent-Hopkins 18, Joe Pavelski 13) at 17:04

Penalties :
Nick Bonino (LOS) for Interference (Minor) at 2:55, Matt Roy (LVG) for Hooking (Minor) at 10:19, Jeff Carter (LVG) for Interference (Minor) at 14:37

3rd period

4. LOS ANGELES SEALS , David Krejci 2 (Nikita Kucherov 14) at 13:50

Penalties :
No Penalty

Overtime #1

No Goal

Penalties :
No Penalty

Shootout

LAS VEGAS LIZARD KINGS, Johnny Gaudreau - Shot Misses the Net
LOS ANGELES SEALS, Nikita Kucherov - Goal!
LAS VEGAS LIZARD KINGS, Ryan Nugent-Hopkins - Shot Misses the Net
LOS ANGELES SEALS, Claude Giroux - Goal!

Penalties :
No Penalty

Goalie Stats

Sergei Bobrovsky (LVG), 34 saves from 36 shots - (0,944), OTL, 10-3-2, 65:00 minutes
Carter Hart (LOS), 31 saves from 33 shots - (0,939), W, 11-7-0, 65:00 minutes

Players Stats for LAS VEGAS LIZARD KINGS

Player Name              G  A  P  +/- PIM S  H  SB GA TA FO     MP     PP MP  PK MP  
------------------------------------------------------------------------------------
Brandon Hagel            0  0  0   0  0   9  0  0  0  0  0/1    22:02   0:54   2:38 
Brayden McNabb           0  0  0   0  0   1  2  1  0  0  0/0    25:44   0:54   2:03 
Dmitry Kulikov           0  0  0   1  0   1  3  2  0  0  0/0    20:03   0:54   1:25 
Evan Rodrigues           0  0  0   0  0   3  0  0  0  0  2/3    17:00   0:00   0:41 
Jacob Bryson             0  0  0  -1  0   0  0  0  0  0  0/0    16:25   0:00   0:30 
Jeff Carter              0  0  0   0  2   0  2  0  0  0  15/20  17:12   0:54   0:00 
Joe Pavelski             0  2  2   1  0   5  3  0  0  0  6/8    24:06   1:05   1:06 
John Marino              0  0  0   1  0   0  0  0  0  0  0/0    21:43   1:05   2:33 
Johnny Gaudreau          2  0  2   1  0   3  0  0  0  0  0/1    23:38   1:05   0:00 
Jordan Greenway          0  0  0  -1  0   2  0  0  0  0  0/1     4:29   0:00   0:00 
Luke Glendening          0  0  0  -1  0   1  0  0  0  0  6/6     4:29   0:00   0:00 
Matt Roy                 0  0  0   0  2   0  2  0  0  0  0/0    23:44   1:05   0:00 
Patrik Nemeth            0  0  0  -1  0   0  0  1  0  0  0/0    17:20   0:00   1:25 
Ryan Nugent-Hopkins      0  2  2   1  0   3  2  1  0  0  6/28   24:44   1:05   1:06 
Ty Dellandrea            0  0  0   0  0   1  0  0  0  0  8/20   15:56   0:00   2:25 
Victor Olofsson          0  0  0  -1  0   2  0  0  0  0  0/0     5:23   0:54   0:00 
Vladislav Namestnikov    0  0  0   0  0   1  0  1  0  0  0/1    13:31   0:00   0:00 
Zemgus Girgensons        0  0  0   0  0   1  0  0  0  0  1/1    13:31   0:00   0:00 

Players Stats for LOS ANGELES SEALS

Player Name              G  A  P  +/- PIM S  H  SB GA TA FO     MP     PP MP  PK MP  
------------------------------------------------------------------------------------
Alex Goligoski           0  0  0  -1  0   1  0  1  0  0  0/0    14:33   0:00   0:00 
Ben Chiarot              0  0  0   2  0   0  4  2  0  0  0/0    18:52   0:00   1:06 
Brandon Carlo            0  0  0  -1  0   0  4  1  0  0  0/0    19:01   0:00   0:53 
Claude Giroux            0  0  0   1  0   7  1  0  0  0  6/8    22:53   1:48   0:00 
David Krejci             1  0  1   1  0   4  0  0  0  0  12/26  23:25   2:10   0:00 
Drew Doughty             0  0  0  -1  0   0  2  4  0  0  0/0    23:44   1:49   1:06 
Gustav Forsling          0  0  0  -1  0   0  0  1  0  0  0/0    27:06   2:09   0:53 
Jake Evans               0  0  0  -1  0   0  0  0  0  0  0/0     5:13   0:00   0:10 
Jonathan Audy-Marchessau 0  0  0  -1  0   3  3  0  0  0  0/0    19:52   2:10   0:54 
Mason McTavish           0  0  0  -1  0   0  0  0  0  0  3/6     5:03   0:00   0:00 
Matthew Boldy            0  0  0  -1  0   1  0  0  0  0  1/2    18:36   1:48   0:00 
Mikael Backlund          0  0  0  -1  0   4  3  0  0  0  16/27  21:42   2:10   0:55 
Nick Bonino              0  1  1   1  2   2  0  0  0  0  0/1    14:07   0:00   0:00 
Nikita Kucherov          0  1  1   1  0   4  2  0  0  0  0/2    22:33   1:48   0:00 
Noah Cates               0  0  0  -1  0   1  0  0  0  0  0/0     6:08   0:00   1:05 
Noah Dobson              0  1  1   2  0   2  0  3  0  0  0/0    19:35   1:49   0:00 
Owen Tippett             1  0  1   1  0   6  2  0  0  0  1/3    15:56   2:09   0:00 
Philip Tomasino          0  0  0   1  0   1  0  0  0  0  7/15   14:41   0:00   0:54 

3 Stars

1 - Johnny Gaudreau (LVG)
2 - Owen Tippett (LOS)
3 - Sergei Bobrovsky (LVG)

Power Play

LAS VEGAS LIZARD KINGS - 0 on 1 Attempt(s) - 0,00%
LOS ANGELES SEALS - 0 on 2 Attempt(s) - 0,00%

Penalty Kill

LAS VEGAS LIZARD KINGS - 2 on 2 Attempt(s) - 100,00% - Score 0 goal in Penalty Kill
LOS ANGELES SEALS - 1 on 1 Attempt(s) - 100,00% - Score 0 goal in Penalty Kill

Team Stat

LAS VEGAS LIZARD KINGS - Hits : 14 - Faceoff Wins : 44 - Blocked Shots : 6 - Penalty Minutes : 4
LOS ANGELES SEALS - Hits : 21 - Faceoff Wins : 46 - Blocked Shots : 12 - Penalty Minutes : 2

Official

Referees : Corey Syvret and Jon McIsaac
Linesman : Tony Sericolo and Robb Harrell

Game Notes

No Game Note

Finance

Level 1 -- Attendance: 6000 (100,00%) -- Ticket Income 900 000 $
Level 2 -- Attendance: 5000 (100,00%) -- Ticket Income 495 000 $
Level 3 -- Attendance: 2000 (100,00%) -- Ticket Income 168 000 $
Level 4 -- Attendance: 3316 (82,90%) -- Ticket Income 265 280 $
Luxury Box -- Attendance: 1000 (100,00%) -- Ticket Income 300 000 $
Total Attendance: 17316 (96,20%)
Total Ticket Income: 2 128 280 $
Other Expense: 21 283 $
Total Income: 2 106 997 $

LAS VEGAS LIZARD KINGS

5 vs 5 Forward 
   Center                   Left Wing                Right Wing               Time % Phy DF OF 
 1 Ryan Nugent-Hopkins      Johnny Gaudreau          Joe Pavelski             37     0   1  4  
 2 Jeff Carter              Brandon Hagel            Evan Rodrigues           30     0   2  3  
 3 Ty Dellandrea            Vladislav Namestnikov    Zemgus Girgensons        25     0   4  1  
 4 Luke Glendening          Jordan Greenway          Victor Olofsson          8      1   3  1  

5 vs 5 Defense 
   Defense                  Defense                                           Time % Phy DF OF 
 1 Brayden McNabb           Matt Roy                                          40     1   2  2  
 2 John Marino              Dmitry Kulikov                                    35     1   2  2  
 3 Patrik Nemeth            Jacob Bryson                                      25     1   3  1  
 4 Brayden McNabb           Matt Roy                                          0      1   2  2  

PowerPlay Forward 
   Center                   Left Wing                Right Wing               Time % Phy DF OF 
 1 Ryan Nugent-Hopkins      Johnny Gaudreau          Joe Pavelski             65     0   0  5  
 2 Jeff Carter              Brandon Hagel            Victor Olofsson          35     0   0  5  

PowerPlay Defense
   Defense                  Defense                                           Time % Phy DF OF 
 1 John Marino              Matt Roy                                          55     0   1  4  
 2 Brayden McNabb           Dmitry Kulikov                                    45     0   1  4  

Penalty Kill 4 Players Forward 
   Center                   Wing                     Time % Phy DF OF 
 1 Ty Dellandrea            Brandon Hagel            55     1   2  2  
 2 Joe Pavelski             Ryan Nugent-Hopkins      45     1   2  2  

Penalty Kill 4 Players Defense
   Defense                  Defense                  Time % Phy DF OF 
 1 Brayden McNabb           John Marino              60     1   2  2  
 2 Patrik Nemeth            Dmitry Kulikov           40     1   2  2  

Penalty Kill - 3 Players Forward 
   Forward                                           Time % Phy DF OF 
 1 Zemgus Girgensons                                 55     1   4  0  
 2 Luke Glendening                                   45     1   4  0  

Penalty Kill - 3 Players Defense
   Defense                  Defense                  Time % Phy DF OF 
 1 Brayden McNabb           John Marino              55     1   4  0  
 2 Patrik Nemeth            Dmitry Kulikov           45     1   4  0  

4 vs 4 Forward 
   Center                   Wing                     Time % Phy DF OF 
 1 Ryan Nugent-Hopkins      Johnny Gaudreau          55     1   2  2  
 2 Jeff Carter              Joe Pavelski             45     1   2  2  

4 vs 4 Defense
   Defense                  Defense                  Time % Phy DF OF 
 1 Brayden McNabb           Matt Roy                 55     1   2  2  
 2 John Marino              Dmitry Kulikov           45     1   2  2  

Last Minutes Offensive
   Center                   Left Wing                Right Wing               Defense                  Defense                  
   Ryan Nugent-Hopkins      Johnny Gaudreau          Joe Pavelski             John Marino              Matt Roy                 

Last Minutes Defensive
   Center                   Left Wing                Right Wing               Defense                  Defense                  
   Ryan Nugent-Hopkins      Vladislav Namestnikov    Joe Pavelski             Brayden McNabb           John Marino              

Goaltenders
Starting : Sergei Bobrovsky         
Backup : Kaapo Kahkonen           

Extra Forwards
Normal : Evan Rodrigues, Victor Olofsson, Joe Pavelski - PP : Brandon Hagel, Ty Dellandrea - PK : Evan Rodrigues
Extra Defensemen
Normal : John Marino, Dmitry Kulikov, Patrik Nemeth - PP : Dmitry Kulikov - PK : Brayden McNabb, John Marino
Penalty Shots
Johnny Gaudreau, Ryan Nugent-Hopkins, Joe Pavelski, Brandon Hagel, Evan Rodrigues
Custom OT Lines Forwards
Johnny Gaudreau, Ryan Nugent-Hopkins, Joe Pavelski, Brandon Hagel, Jeff Carter, Evan Rodrigues, Victor Olofsson, Ty Dellandrea, Vladislav Namestnikov, Jordan Greenway
Custom OT Lines Defensemen
Brayden McNabb, Matt Roy, John Marino, Dmitry Kulikov, Patrik Nemeth

Scratches
None

LOS ANGELES SEALS

5 vs 5 Forward 
   Center                   Left Wing                Right Wing               Time % Phy DF OF 
 1 David Krejci             Claude Giroux            Nikita Kucherov          36     0   2  3  
 2 Mikael Backlund          Jonathan Audy-MarchessaulMatthew Boldy            31     0   2  3  
 3 Philip Tomasino          Nick Bonino              Owen Tippett             26     0   2  3  
 4 Mason McTavish           Noah Cates               Jake Evans               7      0   4  1  

5 vs 5 Defense 
   Defense                  Defense                                           Time % Phy DF OF 
 1 Drew Doughty             Gustav Forsling                                   36     0   2  3  
 2 Noah Dobson              Ben Chiarot                                       31     0   2  3  
 3 Brandon Carlo            Alex Goligoski                                    23     1   3  1  
 4 Brandon Carlo            Gustav Forsling                                   10     1   3  1  

PowerPlay Forward 
   Center                   Left Wing                Right Wing               Time % Phy DF OF 
 1 Claude Giroux            Matthew Boldy            Nikita Kucherov          55     0   0  5  
 2 David Krejci             Jonathan Audy-MarchessaulMikael Backlund          45     0   0  5  

PowerPlay Defense
   Defense                  Defense                                           Time % Phy DF OF 
 1 Drew Doughty             Noah Dobson                                       55     0   0  5  
 2 Gustav Forsling          Owen Tippett                                      45     0   0  5  

Penalty Kill 4 Players Forward 
   Center                   Wing                     Time % Phy DF OF 
 1 Mikael Backlund          Nick Bonino              55     0   5  0  
 2 Jake Evans               Noah Cates               45     0   5  0  

Penalty Kill 4 Players Defense
   Defense                  Defense                  Time % Phy DF OF 
 1 Brandon Carlo            Gustav Forsling          55     0   5  0  
 2 Drew Doughty             Ben Chiarot              45     0   5  0  

Penalty Kill - 3 Players Forward 
   Forward                                           Time % Phy DF OF 
 1 Mikael Backlund                                   55     0   5  0  
 2 Jake Evans                                        45     0   5  0  

Penalty Kill - 3 Players Defense
   Defense                  Defense                  Time % Phy DF OF 
 1 Drew Doughty             Gustav Forsling          55     0   5  0  
 2 Brandon Carlo            Ben Chiarot              45     0   5  0  

4 vs 4 Forward 
   Center                   Wing                     Time % Phy DF OF 
 1 Nikita Kucherov          Claude Giroux            55     1   2  2  
 2 David Krejci             Mikael Backlund          45     1   2  2  

4 vs 4 Defense
   Defense                  Defense                  Time % Phy DF OF 
 1 Drew Doughty             Gustav Forsling          55     1   2  2  
 2 Noah Dobson              Ben Chiarot              45     1   2  2  

Last Minutes Offensive
   Center                   Left Wing                Right Wing               Defense                  Defense                  
   Claude Giroux            Nick Bonino              Nikita Kucherov          Drew Doughty             Gustav Forsling          

Last Minutes Defensive
   Center                   Left Wing                Right Wing               Defense                  Defense                  
   Claude Giroux            Nick Bonino              Nikita Kucherov          Drew Doughty             Gustav Forsling          

Goaltenders
Starting : Carter Hart              
Backup : Daniel Vladar            

Extra Forwards
Normal : Matthew Boldy, Owen Tippett, Noah Cates - PP : Matthew Boldy, Owen Tippett - PK : Noah Cates
Extra Defensemen
Normal : Brandon Carlo, Alex Goligoski, Noah Dobson - PP : Brandon Carlo - PK : Alex Goligoski, Noah Dobson
Penalty Shots
Nikita Kucherov, Claude Giroux, David Krejci, Jonathan Audy-Marchessault, Matthew Boldy
Custom OT Lines Forwards
Nikita Kucherov, Claude Giroux, David Krejci, Mikael Backlund, Nick Bonino, Jake Evans, Jonathan Audy-Marchessault, Matthew Boldy, Owen Tippett, Noah Cates
Custom OT Lines Defensemen
Drew Doughty, Gustav Forsling, Noah Dobson, Ben Chiarot, Brandon Carlo

Scratches
Connor Brown (Healthy), Dylan Strome (Healthy)

% Time on Ice - LAS VEGAS LIZARD KINGS

Lines # - Real PCT - Wanted PCT - Time Play
Normal Forward
1 - 37% - 37% - 19:44
2 - 30% - 30% - 16:19
3 - 25% - 25% - 13:31
4 - 8% - 8% - 4:29
Normal Defense
1 - 38% - 40% - 20:24
2 - 33% - 35% - 17:44
3 - 29% - 25% - 15:55
4 - 0% - 0% - 0:00
PP Forward
1 - 55% - 65% - 1:05
2 - 45% - 35% - 0:54
PP Defense
1 - 55% - 55% - 1:05
2 - 45% - 45% - 0:54
PK Forward
1 - 72% - 55% - 2:52
2 - 28% - 45% - 1:06
PK Defense
1 - 64% - 60% - 2:33
2 - 36% - 40% - 1:25
PK3 Forward
1 - 0% - 55%
2 - 0% - 45%
PK3 Defense
1 - 0% - 55%
2 - 0% - 45%
44 Forward
1 - 0% - 55%
2 - 0% - 45%
44 Defense
1 - 0% - 55%
2 - 0% - 45%
Last Minute Offensive  - 0:00
Last Minute Defensive  - 0:00
Total
Forward - 60:00
Defense - 60:00

% Time on Ice - LOS ANGELES SEALS

Lines # - Real PCT - Wanted PCT - Time Play
Normal Forward
1 - 34% - 36% - 18:25
2 - 31% - 31% - 16:48
3 - 26% - 26% - 13:47
4 - 9% - 7% - 5:03
Normal Defense
1 - 34% - 36% - 18:09
2 - 33% - 31% - 17:46
3 - 27% - 23% - 14:33
4 - 7% - 10% - 3:35
PP Forward
1 - 45% - 55% - 1:48
2 - 55% - 45% - 2:10
PP Defense
1 - 46% - 55% - 1:49
2 - 54% - 45% - 2:09
PK Forward
1 - 92% - 55% - 1:49
2 - 8% - 45% - 0:10
PK Defense
1 - 45% - 55% - 0:53
2 - 55% - 45% - 1:06
PK3 Forward
1 - 0% - 55%
2 - 0% - 45%
PK3 Defense
1 - 0% - 55%
2 - 0% - 45%
44 Forward
1 - 0% - 55%
2 - 0% - 45%
44 Defense
1 - 0% - 55%
2 - 0% - 45%
Last Minute Offensive  - 0:00
Last Minute Defensive  - 0:00
Total
Forward - 60:00
Defense - 60:00

Play-by-Play

1st period


0:01 of 1st period - David Krejci wins face-off versus Ryan Nugent-Hopkins in neutral zone.
0:14 of 1st period - Shot by David Krejci.
0:14 of 1st period - Stopped by Sergei Bobrovsky without a rebound.
0:15 of 1st period - Jeff Carter wins face-off versus Mikael Backlund in LAS VEGAS LIZARD KINGS zone.
0:26 of 1st period - Shot by Mikael Backlund.
0:26 of 1st period - Stopped by Sergei Bobrovsky with a rebound.
0:58 of 1st period - Shot by Mikael Backlund.
0:58 of 1st period - Stopped by Sergei Bobrovsky without a rebound.
0:59 of 1st period - Philip Tomasino wins face-off versus Ty Dellandrea in LAS VEGAS LIZARD KINGS zone.
1:04 of 1st period - Shot by Owen Tippett.
1:04 of 1st period - Stopped by Sergei Bobrovsky without a rebound.
1:05 of 1st period - Ty Dellandrea wins face-off versus Philip Tomasino in LAS VEGAS LIZARD KINGS zone.
1:11 of 1st period - Icing by Brayden McNabb.
1:12 of 1st period - Ty Dellandrea wins face-off versus David Krejci in LAS VEGAS LIZARD KINGS zone.
1:27 of 1st period - Shot by Vladislav Namestnikov.
1:27 of 1st period - Shot Blocked by Drew Doughty.
1:36 of 1st period - Icing by Gustav Forsling.
1:37 of 1st period - Ryan Nugent-Hopkins wins face-off versus Nikita Kucherov in LOS ANGELES SEALS zone.
1:38 of 1st period - Shot by Joe Pavelski.
1:38 of 1st period - Shot Blocked by Drew Doughty.
1:40 of 1st period - Shot by Patrik Nemeth.
1:40 of 1st period - Deflect By Joe Pavelski.
1:40 of 1st period - Shot Blocked by Gustav Forsling.
1:42 of 1st period - Shot by Joe Pavelski.
1:42 of 1st period - Stopped by Carter Hart without a rebound.
1:43 of 1st period - Philip Tomasino wins face-off versus Ryan Nugent-Hopkins in LOS ANGELES SEALS zone.
1:43 of 1st period - Philip Tomasino is hit by Joe Pavelski.
1:51 of 1st period - Shot by Owen Tippett.
1:51 of 1st period - Stopped by Sergei Bobrovsky without a rebound.
1:52 of 1st period - Ryan Nugent-Hopkins wins face-off versus Mason McTavish in LAS VEGAS LIZARD KINGS zone.
2:17 of 1st period - Shot by Joe Pavelski.
2:17 of 1st period - Stopped by Carter Hart with a rebound.
2:39 of 1st period - Noah Cates is hit by Ryan Nugent-Hopkins and loses puck.
3:33 of 1st period - Shot by Owen Tippett.
3:33 of 1st period - Stopped by Sergei Bobrovsky without a rebound.
3:34 of 1st period - Jeff Carter wins face-off versus David Krejci in LAS VEGAS LIZARD KINGS zone.
4:08 of 1st period - Shot by Claude Giroux.
4:08 of 1st period - Shot Misses the Net.
4:10 of 1st period - Shot by Drew Doughty.
4:10 of 1st period - Shot Blocked by Dmitry Kulikov.
4:52 of 1st period - Shot by Jonathan Audy-Marchessault.
4:52 of 1st period - Stopped by Sergei Bobrovsky without a rebound.
4:53 of 1st period - Philip Tomasino wins face-off versus Ty Dellandrea in LAS VEGAS LIZARD KINGS zone.
5:28 of 1st period - Icing by Ben Chiarot.
5:29 of 1st period - Owen Tippett wins face-off versus Ryan Nugent-Hopkins in LOS ANGELES SEALS zone.
5:40 of 1st period - Shot by Ryan Nugent-Hopkins.
5:40 of 1st period - Shot Misses the Net.
5:42 of 1st period - Shot by Joe Pavelski.
5:42 of 1st period - Shot Misses the Net.
5:56 of 1st period - Shot by Joe Pavelski.
5:56 of 1st period - Shot Misses the Net.
5:58 of 1st period - Shot by Ryan Nugent-Hopkins.
5:58 of 1st period - Shot Blocked by Noah Dobson.
6:02 of 1st period - Shot by Johnny Gaudreau.
6:02 of 1st period - Shot Blocked by Ben Chiarot.
6:04 of 1st period - Shot by Ryan Nugent-Hopkins.
6:04 of 1st period - Shot Misses the Net.
6:06 of 1st period - Shot by Patrik Nemeth.
6:06 of 1st period - Shot Misses the Net.
6:24 of 1st period - Icing by Noah Dobson.
6:25 of 1st period - Ty Dellandrea wins face-off versus Owen Tippett in LOS ANGELES SEALS zone.
6:38 of 1st period - Shot by Ty Dellandrea.
6:38 of 1st period - Stopped by Carter Hart without a rebound.
6:39 of 1st period - Luke Glendening wins face-off versus David Krejci in LOS ANGELES SEALS zone.
6:44 of 1st period - Shot by Victor Olofsson.
6:44 of 1st period - Stopped by Carter Hart without a rebound.
6:45 of 1st period - Mikael Backlund wins face-off versus Ty Dellandrea in LOS ANGELES SEALS zone.
8:20 of 1st period - Icing by Dmitry Kulikov.
8:21 of 1st period - Mason McTavish wins face-off versus Jeff Carter in LAS VEGAS LIZARD KINGS zone.
8:26 of 1st period - Shot by Noah Cates.
8:26 of 1st period - Stopped by Sergei Bobrovsky without a rebound.
8:27 of 1st period - Mason McTavish wins face-off versus Ryan Nugent-Hopkins in LAS VEGAS LIZARD KINGS zone.
8:33 of 1st period - Icing by Dmitry Kulikov.
8:34 of 1st period - Mikael Backlund wins face-off versus Ryan Nugent-Hopkins in LAS VEGAS LIZARD KINGS zone.
10:47 of 1st period - Shot by Philip Tomasino.
10:47 of 1st period - Shot Misses the Net.
10:59 of 1st period - Shot by Jordan Greenway.
10:59 of 1st period - Shot Blocked by Noah Dobson.
11:01 of 1st period - Shot by Luke Glendening.
11:01 of 1st period - Stopped by Carter Hart without a rebound.
11:02 of 1st period - Zemgus Girgensons wins face-off versus Matthew Boldy in LOS ANGELES SEALS zone.
11:39 of 1st period - Jonathan Audy-Marchessault is hit by Dmitry Kulikov and loses puck.
11:42 of 1st period - Shot by Jonathan Audy-Marchessault.
11:42 of 1st period - Shot Misses the Net.
11:53 of 1st period - Icing by Gustav Forsling.
11:54 of 1st period - Ryan Nugent-Hopkins wins face-off versus Mikael Backlund in LOS ANGELES SEALS zone.
12:40 of 1st period - Shot by Johnny Gaudreau.
12:40 of 1st period - Goal by Johnny Gaudreau - LAS VEGAS LIZARD KINGS : 1 - LOS ANGELES SEALS : 0.
12:41 of 1st period - Jeff Carter wins face-off versus Nikita Kucherov in neutral zone.
12:43 of 1st period - Brandon Hagel is hit by Nikita Kucherov and loses puck.
12:49 of 1st period - Evan Rodrigues is hit by Brandon Carlo and loses puck.
12:55 of 1st period - Brandon Hagel is hit by Brandon Carlo and loses puck.
12:59 of 1st period - Brandon Hagel is hit by Brandon Carlo and loses puck.
13:12 of 1st period - Shot by Evan Rodrigues.
13:12 of 1st period - Stopped by Carter Hart without a rebound.
13:13 of 1st period - Luke Glendening wins face-off versus Philip Tomasino in LOS ANGELES SEALS zone.
13:18 of 1st period - Shot by Victor Olofsson.
13:18 of 1st period - Stopped by Carter Hart without a rebound.
13:19 of 1st period - Philip Tomasino wins face-off versus Ryan Nugent-Hopkins in LOS ANGELES SEALS zone.
13:47 of 1st period - Nick Bonino is hit by Joe Pavelski.
14:28 of 1st period - Shot by Brandon Hagel.
14:28 of 1st period - Stopped by Carter Hart with a rebound.
14:30 of 1st period - Shot by Brayden McNabb.
14:30 of 1st period - Deflect By Brandon Hagel.
14:30 of 1st period - Shot Blocked by Ben Chiarot.
14:32 of 1st period - Shot by Brandon Hagel.
14:32 of 1st period - Stopped by Carter Hart without a rebound.
14:33 of 1st period - David Krejci wins face-off versus Jordan Greenway in LOS ANGELES SEALS zone.
14:46 of 1st period - Shot by Claude Giroux.
14:46 of 1st period - Stopped by Sergei Bobrovsky without a rebound.
14:47 of 1st period - Jeff Carter wins face-off versus Mikael Backlund in LAS VEGAS LIZARD KINGS zone.
14:55 of 1st period - Off-side.
14:56 of 1st period - David Krejci wins face-off versus Vladislav Namestnikov in neutral zone.
15:12 of 1st period - Shot by Claude Giroux.
15:12 of 1st period - Stopped by Sergei Bobrovsky without a rebound.
15:13 of 1st period - Jeff Carter wins face-off versus Mikael Backlund in LAS VEGAS LIZARD KINGS zone.
15:52 of 1st period - Icing by Mikael Backlund.
15:53 of 1st period - Mikael Backlund wins face-off versus Ryan Nugent-Hopkins in LOS ANGELES SEALS zone.
16:00 of 1st period - Shot by Drew Doughty.
16:00 of 1st period - Shot Blocked by Ryan Nugent-Hopkins.
16:36 of 1st period - Shot by Joe Pavelski.
16:36 of 1st period - Shot Misses the Net.
16:56 of 1st period - Shot by Nikita Kucherov.
16:56 of 1st period - Shot Misses the Net.
16:58 of 1st period - Shot by Alex Goligoski.
16:58 of 1st period - Stopped by Sergei Bobrovsky without a rebound.
16:59 of 1st period - Mason McTavish wins face-off versus Ty Dellandrea in LAS VEGAS LIZARD KINGS zone.
17:11 of 1st period - Zemgus Girgensons is hit by Ben Chiarot.
18:11 of 1st period - Shot by Owen Tippett.
18:11 of 1st period - Shot Misses the Net.
18:30 of 1st period - Shot by Evan Rodrigues.
18:30 of 1st period - Stopped by Carter Hart without a rebound.
18:31 of 1st period - Claude Giroux wins face-off versus Ryan Nugent-Hopkins in LOS ANGELES SEALS zone.
18:44 of 1st period - David Krejci is hit by Joe Pavelski.
18:56 of 1st period - Shot by David Krejci.
18:56 of 1st period - Shot Misses the Net.
18:58 of 1st period - Shot by Brandon Carlo.
18:58 of 1st period - Shot Misses the Net.
19:00 of 1st period - Shot by Nikita Kucherov.
19:00 of 1st period - Stopped by Sergei Bobrovsky without a rebound.
19:01 of 1st period - Luke Glendening wins face-off versus Mikael Backlund in LAS VEGAS LIZARD KINGS zone.
19:01 of 1st period - Luke Glendening is hit by Jonathan Audy-Marchessault.
19:14 of 1st period - Shot by Mikael Backlund.
19:14 of 1st period - Shot Misses the Net.
19:26 of 1st period - Shot by Jordan Greenway.
19:26 of 1st period - Stopped by Carter Hart without a rebound.
19:27 of 1st period - Jeff Carter wins face-off versus David Krejci in LOS ANGELES SEALS zone.
19:54 of 1st period - Shot by Claude Giroux.
19:54 of 1st period - Stopped by Sergei Bobrovsky without a rebound.
19:55 of 1st period - Ty Dellandrea wins face-off versus Mikael Backlund in LAS VEGAS LIZARD KINGS zone.
19:55 of 1st period - Ty Dellandrea is hit by Jonathan Audy-Marchessault.
Goals for this period are 1 for LAS VEGAS LIZARD KINGS vs 0 for LOS ANGELES SEALS.
Shots for this period are 12 for LAS VEGAS LIZARD KINGS vs 13 for LOS ANGELES SEALS.

2nd period


0:01 of 2nd period - David Krejci wins face-off versus Ryan Nugent-Hopkins in neutral zone.
0:13 of 2nd period - Claude Giroux is hit by Matt Roy and loses puck.
0:22 of 2nd period - Shot by Claude Giroux.
0:22 of 2nd period - Shot Misses the Net.
0:39 of 2nd period - David Krejci is hit by Brayden McNabb and loses puck.
0:44 of 2nd period - Shot by Nikita Kucherov.
0:44 of 2nd period - Stopped by Sergei Bobrovsky without a rebound.
0:45 of 2nd period - Ty Dellandrea wins face-off versus Mikael Backlund in LAS VEGAS LIZARD KINGS zone.
0:45 of 2nd period - Ty Dellandrea is hit by Mikael Backlund.
0:56 of 2nd period - Ty Dellandrea is hit by Ben Chiarot.
1:14 of 2nd period - Shot by Zemgus Girgensons.
1:14 of 2nd period - Shot Blocked by Noah Dobson.
1:44 of 2nd period - Evan Rodrigues is hit by Ben Chiarot and loses puck.
2:19 of 2nd period - Icing by Patrik Nemeth.
2:20 of 2nd period - Evan Rodrigues wins face-off versus David Krejci in LAS VEGAS LIZARD KINGS zone.
2:30 of 2nd period - Icing by Brandon Carlo.
2:31 of 2nd period - Joe Pavelski wins face-off versus David Krejci in LOS ANGELES SEALS zone.
2:48 of 2nd period - Shot by Claude Giroux.
2:48 of 2nd period - Stopped by Sergei Bobrovsky without a rebound.
2:49 of 2nd period - Philip Tomasino wins face-off versus Ty Dellandrea in LAS VEGAS LIZARD KINGS zone.
2:50 of 2nd period - Shot by Nick Bonino.
2:50 of 2nd period - Shot Blocked by Dmitry Kulikov.
2:55 of 2nd period - Minor Penalty to Nick Bonino for Interference.
2:56 of 2nd period - Mikael Backlund wins face-off versus Ryan Nugent-Hopkins in LOS ANGELES SEALS zone.
3:36 of 2nd period - Shot by Ryan Nugent-Hopkins.
3:36 of 2nd period - Shot Misses the Net.
3:38 of 2nd period - Shot by Joe Pavelski.
3:38 of 2nd period - Stopped by Carter Hart without a rebound.
3:39 of 2nd period - Philip Tomasino wins face-off versus Jeff Carter in LOS ANGELES SEALS zone.
3:39 of 2nd period - Philip Tomasino is hit by Jeff Carter.
3:45 of 2nd period - Jeff Carter is hit by Jonathan Audy-Marchessault and loses puck.
4:10 of 2nd period - Shot by Mikael Backlund.
4:10 of 2nd period - Stopped by Sergei Bobrovsky with a rebound.
5:14 of 2nd period - Shot by David Krejci.
5:14 of 2nd period - Shot Misses the Net.
5:55 of 2nd period - Shot by Ryan Nugent-Hopkins.
5:55 of 2nd period - Shot Blocked by Alex Goligoski.
6:59 of 2nd period - Drew Doughty is hit by Jeff Carter and loses puck.
7:18 of 2nd period - Shot by Evan Rodrigues.
7:18 of 2nd period - Stopped by Carter Hart without a rebound.
7:19 of 2nd period - Luke Glendening wins face-off versus Philip Tomasino in LOS ANGELES SEALS zone.
7:40 of 2nd period - Shot by Owen Tippett.
7:40 of 2nd period - Goal by Owen Tippett - LAS VEGAS LIZARD KINGS : 1 - LOS ANGELES SEALS : 1.
7:41 of 2nd period - Jeff Carter wins face-off versus David Krejci in neutral zone.
7:48 of 2nd period - Shot by Jeff Carter.
7:48 of 2nd period - Shot Misses the Net.
7:50 of 2nd period - Shot by Brandon Hagel.
7:50 of 2nd period - Stopped by Carter Hart with a rebound.
8:04 of 2nd period - Shot by Jeff Carter.
8:04 of 2nd period - Shot Misses the Net.
8:06 of 2nd period - Shot by Brandon Hagel.
8:06 of 2nd period - Stopped by Carter Hart with a rebound.
8:08 of 2nd period - Shot by Brandon Hagel.
8:08 of 2nd period - Stopped by Carter Hart without a rebound.
8:09 of 2nd period - Ty Dellandrea wins face-off versus Philip Tomasino in LOS ANGELES SEALS zone.
8:32 of 2nd period - Shot by Owen Tippett.
8:32 of 2nd period - Shot Blocked by Patrik Nemeth.
8:40 of 2nd period - Shot by Nick Bonino.
8:40 of 2nd period - Shot Misses the Net.
9:23 of 2nd period - Shot by Johnny Gaudreau.
9:23 of 2nd period - Shot Misses the Net.
9:25 of 2nd period - Shot by Brayden McNabb.
9:25 of 2nd period - Stopped by Carter Hart without a rebound.
9:26 of 2nd period - Jeff Carter wins face-off versus David Krejci in LOS ANGELES SEALS zone.
9:59 of 2nd period - Brandon Hagel is hit by Drew Doughty and loses puck.
10:02 of 2nd period - Shot by Dmitry Kulikov.
10:02 of 2nd period - Shot Misses the Net.
10:19 of 2nd period - Minor Penalty to Matt Roy for Hooking.
10:20 of 2nd period - David Krejci wins face-off versus Ty Dellandrea in LAS VEGAS LIZARD KINGS zone.
10:47 of 2nd period - Shot by Jonathan Audy-Marchessault.
10:47 of 2nd period - Stopped by Sergei Bobrovsky without a rebound.
10:48 of 2nd period - Matthew Boldy wins face-off versus Joe Pavelski in LAS VEGAS LIZARD KINGS zone.
10:55 of 2nd period - Shot by Claude Giroux.
10:55 of 2nd period - Shot Misses the Net.
11:02 of 2nd period - Icing by Gustav Forsling.
11:03 of 2nd period - Joe Pavelski wins face-off versus Claude Giroux in LOS ANGELES SEALS zone.
12:14 of 2nd period - Shot by Noah Dobson.
12:14 of 2nd period - Stopped by Sergei Bobrovsky without a rebound.
12:15 of 2nd period - Joe Pavelski wins face-off versus Claude Giroux in LAS VEGAS LIZARD KINGS zone.
12:15 of 2nd period - Joe Pavelski is hit by Claude Giroux.
12:29 of 2nd period - Icing by Luke Glendening.
12:30 of 2nd period - Luke Glendening wins face-off versus Philip Tomasino in LAS VEGAS LIZARD KINGS zone.
12:45 of 2nd period - Shot by Owen Tippett.
12:45 of 2nd period - Deflect By Philip Tomasino.
12:45 of 2nd period - Stopped by Sergei Bobrovsky without a rebound.
12:46 of 2nd period - Mikael Backlund wins face-off versus Ryan Nugent-Hopkins in LAS VEGAS LIZARD KINGS zone.
13:09 of 2nd period - Ryan Nugent-Hopkins is hit by Brandon Carlo and loses puck.
13:20 of 2nd period - Shot by Mikael Backlund.
13:20 of 2nd period - Stopped by Sergei Bobrovsky with a rebound.
13:27 of 2nd period - Icing by Matt Roy.
13:28 of 2nd period - David Krejci wins face-off versus Ryan Nugent-Hopkins in LAS VEGAS LIZARD KINGS zone.
13:34 of 2nd period - Nikita Kucherov is hit by Brayden McNabb.
13:41 of 2nd period - Nikita Kucherov is hit by Matt Roy and loses puck.
14:37 of 2nd period - Minor Penalty to Jeff Carter for Interference.
14:38 of 2nd period - David Krejci wins face-off versus Ty Dellandrea in LAS VEGAS LIZARD KINGS zone.
14:39 of 2nd period - Shot by Jonathan Audy-Marchessault.
14:39 of 2nd period - Shot Misses the Net.
16:05 of 2nd period - Shot by Claude Giroux.
16:05 of 2nd period - Shot Misses the Net.
16:50 of 2nd period - Icing by Brandon Carlo.
16:51 of 2nd period - Luke Glendening wins face-off versus Mason McTavish in LOS ANGELES SEALS zone.
16:56 of 2nd period - Shot by Victor Olofsson.
16:56 of 2nd period - Shot Misses the Net.
16:58 of 2nd period - Shot by Jordan Greenway.
16:58 of 2nd period - Stopped by Carter Hart without a rebound.
16:59 of 2nd period - Joe Pavelski wins face-off versus Mason McTavish in LOS ANGELES SEALS zone.
17:04 of 2nd period - Shot by Johnny Gaudreau.
17:04 of 2nd period - Goal by Johnny Gaudreau - LAS VEGAS LIZARD KINGS : 2 - LOS ANGELES SEALS : 1.
17:05 of 2nd period - Mikael Backlund wins face-off versus Ty Dellandrea in neutral zone.
17:20 of 2nd period - Ty Dellandrea is hit by Mikael Backlund and loses puck.
18:25 of 2nd period - Johnny Gaudreau is hit by Ben Chiarot and loses puck.
19:55 of 2nd period - Icing by Johnny Gaudreau.
19:56 of 2nd period - Mikael Backlund wins face-off versus Ryan Nugent-Hopkins in LAS VEGAS LIZARD KINGS zone.
Goals for this period are 1 for LAS VEGAS LIZARD KINGS vs 1 for LOS ANGELES SEALS.
Shots for this period are 8 for LAS VEGAS LIZARD KINGS vs 8 for LOS ANGELES SEALS.

3rd period


0:01 of 3rd period - Jeff Carter wins face-off versus David Krejci in neutral zone.
0:20 of 3rd period - Shot by Brandon Hagel.
0:20 of 3rd period - Shot Misses the Net.
1:30 of 3rd period - Shot by Joe Pavelski.
1:30 of 3rd period - Stopped by Carter Hart without a rebound.
1:31 of 3rd period - Ty Dellandrea wins face-off versus Philip Tomasino in LOS ANGELES SEALS zone.
3:34 of 3rd period - Icing by Matt Roy.
3:35 of 3rd period - Mikael Backlund wins face-off versus Brandon Hagel in LAS VEGAS LIZARD KINGS zone.
3:46 of 3rd period - Brandon Hagel is hit by Drew Doughty and loses puck.
4:28 of 3rd period - Shot by Johnny Gaudreau.
4:28 of 3rd period - Shot Misses the Net.
6:40 of 3rd period - Icing by Patrik Nemeth.
6:41 of 3rd period - Evan Rodrigues wins face-off versus Nick Bonino in LAS VEGAS LIZARD KINGS zone.
6:53 of 3rd period - Shot by Owen Tippett.
6:53 of 3rd period - Shot Misses the Net.
6:55 of 3rd period - Shot by Nick Bonino.
6:55 of 3rd period - Stopped by Sergei Bobrovsky without a rebound.
6:56 of 3rd period - Mikael Backlund wins face-off versus Ryan Nugent-Hopkins in LAS VEGAS LIZARD KINGS zone.
7:07 of 3rd period - Brandon Carlo is hit by Ryan Nugent-Hopkins and loses puck.
7:22 of 3rd period - Shot by Johnny Gaudreau.
7:22 of 3rd period - Shot Misses the Net.
7:26 of 3rd period - Shot by Johnny Gaudreau.
7:26 of 3rd period - Deflect By Ryan Nugent-Hopkins.
7:26 of 3rd period - Shot Blocked by Brandon Carlo.
7:33 of 3rd period - Icing by Mikael Backlund.
7:34 of 3rd period - Jeff Carter wins face-off versus Mikael Backlund in LOS ANGELES SEALS zone.
7:58 of 3rd period - Shot by Brandon Hagel.
7:58 of 3rd period - Stopped by Carter Hart without a rebound.
7:59 of 3rd period - Claude Giroux wins face-off versus Ty Dellandrea in LOS ANGELES SEALS zone.
9:02 of 3rd period - Icing by Jeff Carter.
9:03 of 3rd period - Jeff Carter wins face-off versus Philip Tomasino in LAS VEGAS LIZARD KINGS zone.
9:03 of 3rd period - Jeff Carter is hit by Owen Tippett.
9:08 of 3rd period - Evan Rodrigues is hit by Owen Tippett and loses puck.
9:15 of 3rd period - Shot by Evan Rodrigues.
9:15 of 3rd period - Shot Blocked by Drew Doughty.
9:23 of 3rd period - Shot by Brandon Hagel.
9:23 of 3rd period - Stopped by Carter Hart without a rebound.
9:24 of 3rd period - Mikael Backlund wins face-off versus Ryan Nugent-Hopkins in LOS ANGELES SEALS zone.
9:28 of 3rd period - Off-side.
9:29 of 3rd period - Mikael Backlund wins face-off versus Ryan Nugent-Hopkins in neutral zone.
9:49 of 3rd period - Shot by Ryan Nugent-Hopkins.
9:49 of 3rd period - Shot Misses the Net.
10:36 of 3rd period - Shot by Brandon Hagel.
10:36 of 3rd period - Stopped by Carter Hart without a rebound.
10:37 of 3rd period - David Krejci wins face-off versus Ty Dellandrea in LOS ANGELES SEALS zone.
10:59 of 3rd period - Shot by Zemgus Girgensons.
10:59 of 3rd period - Stopped by Carter Hart with a rebound.
11:01 of 3rd period - Shot by Vladislav Namestnikov.
11:01 of 3rd period - Deflect By Zemgus Girgensons.
11:01 of 3rd period - Shot Misses the Net.
11:03 of 3rd period - Shot by Vladislav Namestnikov.
11:03 of 3rd period - Stopped by Carter Hart without a rebound.
11:04 of 3rd period - Jeff Carter wins face-off versus Owen Tippett in LOS ANGELES SEALS zone.
11:27 of 3rd period - Shot by Noah Dobson.
11:27 of 3rd period - Stopped by Sergei Bobrovsky without a rebound.
11:28 of 3rd period - David Krejci wins face-off versus Johnny Gaudreau in LAS VEGAS LIZARD KINGS zone.
11:43 of 3rd period - Shot by Claude Giroux.
11:43 of 3rd period - Stopped by Sergei Bobrovsky without a rebound.
11:44 of 3rd period - Mikael Backlund wins face-off versus Jeff Carter in LAS VEGAS LIZARD KINGS zone.
12:49 of 3rd period - Shot by Ryan Nugent-Hopkins.
12:49 of 3rd period - Shot Misses the Net.
12:53 of 3rd period - Shot by Ryan Nugent-Hopkins.
12:53 of 3rd period - Stopped by Carter Hart without a rebound.
12:54 of 3rd period - Ty Dellandrea wins face-off versus Philip Tomasino in LOS ANGELES SEALS zone.
13:34 of 3rd period - Shot by Owen Tippett.
13:34 of 3rd period - Stopped by Sergei Bobrovsky without a rebound.
13:35 of 3rd period - Claude Giroux wins face-off versus Ryan Nugent-Hopkins in LAS VEGAS LIZARD KINGS zone.
13:40 of 3rd period - Shot by Nikita Kucherov.
13:40 of 3rd period - Stopped by Sergei Bobrovsky without a rebound.
13:41 of 3rd period - David Krejci wins face-off versus Ryan Nugent-Hopkins in LAS VEGAS LIZARD KINGS zone.
13:50 of 3rd period - Shot by David Krejci.
13:50 of 3rd period - Goal by David Krejci - LAS VEGAS LIZARD KINGS : 2 - LOS ANGELES SEALS : 2.
13:51 of 3rd period - Ryan Nugent-Hopkins wins face-off versus David Krejci in neutral zone.
14:09 of 3rd period - Off-side.
14:10 of 3rd period - Mikael Backlund wins face-off versus Evan Rodrigues in neutral zone.
14:23 of 3rd period - Shot by Matthew Boldy.
14:23 of 3rd period - Shot Misses the Net.
14:41 of 3rd period - Shot by Jonathan Audy-Marchessault.
14:41 of 3rd period - Shot Misses the Net.
14:54 of 3rd period - Shot by Evan Rodrigues.
14:54 of 3rd period - Shot Misses the Net.
15:18 of 3rd period - Shot by Johnny Gaudreau.
15:18 of 3rd period - Stopped by Carter Hart with a rebound.
15:20 of 3rd period - Shot by Dmitry Kulikov.
15:20 of 3rd period - Stopped by Carter Hart without a rebound.
15:21 of 3rd period - David Krejci wins face-off versus Ty Dellandrea in LOS ANGELES SEALS zone.
15:45 of 3rd period - Icing by Nikita Kucherov.
15:46 of 3rd period - Ryan Nugent-Hopkins wins face-off versus David Krejci in LOS ANGELES SEALS zone.
16:02 of 3rd period - Claude Giroux is hit by Dmitry Kulikov and loses puck.
16:20 of 3rd period - David Krejci is hit by Dmitry Kulikov and loses puck.
17:06 of 3rd period - Icing by Evan Rodrigues.
17:07 of 3rd period - Jeff Carter wins face-off versus Mikael Backlund in LAS VEGAS LIZARD KINGS zone.
17:09 of 3rd period - Icing by Evan Rodrigues.
17:10 of 3rd period - Mikael Backlund wins face-off versus Jeff Carter in LAS VEGAS LIZARD KINGS zone.
17:17 of 3rd period - Shot by Jonathan Audy-Marchessault.
17:17 of 3rd period - Stopped by Sergei Bobrovsky without a rebound.
17:18 of 3rd period - Ryan Nugent-Hopkins wins face-off versus David Krejci in LAS VEGAS LIZARD KINGS zone.
17:18 of 3rd period - Joe Pavelski is hit by Nikita Kucherov and loses puck.
17:37 of 3rd period - Shot by Claude Giroux.
17:37 of 3rd period - Stopped by Sergei Bobrovsky without a rebound.
17:38 of 3rd period - Philip Tomasino wins face-off versus Ty Dellandrea in LAS VEGAS LIZARD KINGS zone.
17:45 of 3rd period - Shot by Nick Bonino.
17:45 of 3rd period - Shot Blocked by Vladislav Namestnikov.
17:47 of 3rd period - Shot by Owen Tippett.
17:47 of 3rd period - Shot Misses the Net.
17:49 of 3rd period - Shot by Nick Bonino.
17:49 of 3rd period - Stopped by Sergei Bobrovsky with a rebound.
17:51 of 3rd period - Shot by Ben Chiarot.
17:51 of 3rd period - Shot Blocked by Brayden McNabb.
18:06 of 3rd period - Shot by Nick Bonino.
18:06 of 3rd period - Shot Misses the Net.
18:08 of 3rd period - Shot by Owen Tippett.
18:08 of 3rd period - Stopped by Sergei Bobrovsky with a rebound.
18:10 of 3rd period - Shot by Ben Chiarot.
18:10 of 3rd period - Shot Misses the Net.
19:07 of 3rd period - Shot by Claude Giroux.
19:07 of 3rd period - Stopped by Sergei Bobrovsky without a rebound.
19:08 of 3rd period - Mikael Backlund wins face-off versus Jeff Carter in LAS VEGAS LIZARD KINGS zone.
19:15 of 3rd period - Shot by Matthew Boldy.
19:15 of 3rd period - Stopped by Sergei Bobrovsky without a rebound.
19:16 of 3rd period - Jeff Carter wins face-off versus Mikael Backlund in LAS VEGAS LIZARD KINGS zone.
19:16 of 3rd period - Jeff Carter is hit by Mikael Backlund.
19:46 of 3rd period - Icing by Patrik Nemeth.
19:47 of 3rd period - Jeff Carter wins face-off versus David Krejci in LAS VEGAS LIZARD KINGS zone.
Goals for this period are 0 for LAS VEGAS LIZARD KINGS vs 1 for LOS ANGELES SEALS.
Shots for this period are 9 for LAS VEGAS LIZARD KINGS vs 12 for LOS ANGELES SEALS.

Overtime #1


0:01 of 1st overtime period - Claude Giroux wins face-off versus Ryan Nugent-Hopkins in neutral zone.
0:26 of 1st overtime period - Shot by Johnny Gaudreau.
0:26 of 1st overtime period - Shot Blocked by Drew Doughty.
1:07 of 1st overtime period - Icing by Matt Roy.
1:08 of 1st overtime period - Joe Pavelski wins face-off versus Mikael Backlund in LAS VEGAS LIZARD KINGS zone.
1:26 of 1st overtime period - Shot by Nikita Kucherov.
1:26 of 1st overtime period - Stopped by Sergei Bobrovsky without a rebound.
1:27 of 1st overtime period - Mikael Backlund wins face-off versus Ryan Nugent-Hopkins in LAS VEGAS LIZARD KINGS zone.
1:48 of 1st overtime period - Shot by Ryan Nugent-Hopkins.
1:48 of 1st overtime period - Stopped by Carter Hart with a rebound.
1:50 of 1st overtime period - Shot by Brayden McNabb.
1:50 of 1st overtime period - Shot Misses the Net.
2:24 of 1st overtime period - Shot by Joe Pavelski.
2:24 of 1st overtime period - Shot Misses the Net.
2:26 of 1st overtime period - Shot by Joe Pavelski.
2:26 of 1st overtime period - Stopped by Carter Hart without a rebound.
2:27 of 1st overtime period - Claude Giroux wins face-off versus Joe Pavelski in LOS ANGELES SEALS zone.
2:45 of 1st overtime period - Shot by David Krejci.
2:45 of 1st overtime period - Stopped by Sergei Bobrovsky with a rebound.
2:49 of 1st overtime period - Shot by David Krejci.
2:49 of 1st overtime period - Stopped by Sergei Bobrovsky without a rebound.
2:50 of 1st overtime period - Claude Giroux wins face-off versus Ryan Nugent-Hopkins in LAS VEGAS LIZARD KINGS zone.
3:10 of 1st overtime period - Shot by Ryan Nugent-Hopkins.
3:10 of 1st overtime period - Stopped by Carter Hart without a rebound.
3:11 of 1st overtime period - David Krejci wins face-off versus Ryan Nugent-Hopkins in LOS ANGELES SEALS zone.
4:38 of 1st overtime period - Shot by Brandon Hagel.
4:38 of 1st overtime period - Stopped by Carter Hart without a rebound.
4:39 of 1st overtime period - Joe Pavelski wins face-off versus David Krejci in LOS ANGELES SEALS zone.
Goals for this period are 0 for LAS VEGAS LIZARD KINGS vs 0 for LOS ANGELES SEALS.
Shots for this period are 4 for LAS VEGAS LIZARD KINGS vs 3 for LOS ANGELES SEALS.

ShootOut


5:00 of 1st overtime period - Round #1.
5:00 of 1st overtime period - LAS VEGAS LIZARD KINGS, Johnny Gaudreau.
5:00 of 1st overtime period - Shot Misses the Net.
5:00 of 1st overtime period - LOS ANGELES SEALS, Nikita Kucherov.
5:00 of 1st overtime period - Goal by Nikita Kucherov.
5:00 of 1st overtime period - Round #2.
5:00 of 1st overtime period - LAS VEGAS LIZARD KINGS, Ryan Nugent-Hopkins.
5:00 of 1st overtime period - Shot Misses the Net.
5:00 of 1st overtime period - LOS ANGELES SEALS, Claude Giroux.
5:00 of 1st overtime period - Goal by Claude Giroux.
5:00 of 1st overtime period - Round #3.


BLAKE
WHEELER
STEVEN
STAMKOS
DREW
DOUGHTY

EAST COAST

HOCKEY LEAGUE

  • 63.RHI2PIT5
  • 64.WOR4ATL3
  • 65.QUECHW
  • 66.CHATRV